 Dungeon Crawl Stone Soup version 0.28.0-43-g3370ac3207 (webtiles) character file.

Game seed: 3700163265125066501

4 smarlow the Conjurer (level 1, -9/16 HPs)
             Began as an Ogre Conjurer on Mar 9, 2022.
             Mangled by a kobold
             ... wielding a +1 whip of electrocution
              (15 damage)
             ... on level 1 of the Dungeon.
             The game lasted 00:00:55 (61 turns).

smarlow the Conjurer (Ogre Conjurer)                  Turns: 61, Time: 00:00:56

Health: -9/16      AC:  3    Str: 10    XL:     1   Next: 70%
Magic:  0/4        EV:  9    Int: 19    God:
Gold:   0          SH:  0    Dex:  7    Spells: 4/5 levels left

rFire   . . .      SeeInvis .   (no weapon)
rCold   . . .      Faith    .   (no shield)
rNeg    . . .      Spirit   .   a - +0 robe
rPois   .          Reflect  .   (helmet restricted)
rElec   .          Harm     .   (no cloak)
rCorr   .          Rampage  .   (gloves unavailable)
Will    .....                   (boots unavailable)
Stlth   +.........              (no amulet)
HPRegen 0.05/turn               (no ring)
MPRegen 0.09/turn               (no ring)

@: no status effects
A: large, unfitting armour, tough skin 1
a: no special abilities


You were on level 1 of the Dungeon.
You visited 1 branch of the dungeon, and saw 1 of its levels.

Inventory:

Armour
 a - a +0 robe (worn)
Scrolls
 b - a scroll of identify {unknown}


   Skills:
 + Level 1.8 Dodging
 + Level 1.5 Stealth
 * Level 2.6 Spellcasting
 + Level 3.6 Conjurations


You had 4 spell levels left.
You knew the following spells:

 Your Spells              Type           Power      Damage    Failure   Level
a - Magic Dart            Conj           64%        1d6       3%          1

Your spell library contained the following spells:

 Spells                   Type           Power      Damage    Failure   Level
 Searing Ray              Conj           32%        2d5       5%          2
 Dazzling Flash           Conj/Hex       18%        N/A       22%         3
 Fulminant Prism          Conj/Hex       4%         3d6       58%         4
 Iskenderun's Mystic Bla  Conj/Tloc      9%         2d4       58%         4


Dungeon Overview and Level Annotations

Branches:
Dungeon (1/15)

Altars:


Innate Abilities, Weirdness & Mutations

You are too large for most types of armour.
You have tough skin. (AC +1)


Message History

The frilled lizard bites you but does no damage.
You closely miss the frilled lizard. The frilled lizard closely misses you.
You barely miss the frilled lizard.
The rat twitches its whiskers.
The frilled lizard bites you.
You miss the frilled lizard.
The frilled lizard bites you but does no damage.
You closely miss the frilled lizard. The frilled lizard misses you.
You hit the frilled lizard.
You kill the frilled lizard!
You hit the goblin but do no damage. The goblin barely misses you.
The magic dart hits the goblin.
The goblin is severely wounded.
The goblin hits you but does no damage.
You closely miss the goblin.
The goblin is severely wounded.
A goblin opens the door.
A kobold comes into view.
It is wielding a +1 whip of electrocution.
You closely miss the goblin.
The goblin is severely wounded.
The goblin closely misses you.
The kobold shouts!
You hit the goblin.
You kill the goblin!
You barely miss the rat. Your punch misses the rat.
The kobold barely misses you. The rat bites you but does no damage.
The kobold barely misses you.
You closely miss the kobold.
The kobold hits you with a +1 whip of electrocution.
The magic dart hits the kobold.
The kobold is moderately wounded.
The kobold barely misses you.
You barely miss the kobold.
The kobold is moderately wounded.
The kobold hits you with a +1 whip of electrocution.
You open the door.
The kobold hits you with a +1 whip of electrocution.
You are electrocuted!
Ouch! That really hurt!
You die...

#..#...#..#.#......Pā‰ˆ
#.........#.#.r..g...
#.........#.#r....#.. #
#..#...#..#..g....#
#.#.........#g##....#
.....ā‰ˆ.ā‰ˆ.....#######
#..#.8.#).###
#......r..# ####@#ā€
#### +K#rg.+ #g#g### #
#.#K# ... #r#.#.....
#.......... #####......
######


You could see a quokka, a hobgoblin, a kobold and a rat.

Vanquished Creatures
  2 goblins (D:1)
  A hobgoblin (D:1)
  A frilled lizard (D:1)
4 creatures vanquished.

Vanquished Creatures (others)
  2 plants (D:1)
2 creatures vanquished.

Grand Total: 6 creatures vanquished

Notes
Turn   | Place    | Note
-------+----------+-------------------------------------------
     0 | D:1      | smarlow the Ogre Conjurer began the quest for the Orb.
     0 | D:1      | Reached XP level 1. HP: 16/16 MP: 3/3
    61 | D:1      | Mangled by a kobold

Illustrated notes

Levels and vault maps discovered:
D:1:      shiori_arrival_oz, layout_basic, serial_bayou, serial_bayou_crossing,
          serial_bayou_ford_a, serial_bayou_lagoon_a, serial_bayou_pond_b,
          serial_bayou_pond_d

Action                   || total
-------------------------++-------
Melee: Unarmed           ||    15
 Cast: Magic Dart        ||     6
Armor: Robe              ||     4
Dodge: Dodged            ||     9
